 Dungeon Crawl Stone Soup version 0.31.0-32-g396128a36d (webtiles) character file.

Game seed: 17669257100056945467

1897 jimonade the Skirmisher (level 8, -9/61 HPs)
             Began as a Pale Draconian Hunter on Apr 1, 2024.
             Mangled by an orc warrior
             ... wielding a +0 dire flail
              (13 damage)
             ... on level 6 of the Dungeon.
             The game lasted 00:14:47 (5640 turns).

jimonade the Skirmisher (Pale Draconian Hunter)     Turns: 5640, Time: 00:14:48

Health: -9/61      AC:  8    Str: 14    XL:     8   Next: 93%
Magic:  8/8        EV: 17    Int:  9    God:
Gold:   367        SH:  0    Dex: 17    Spells: 7/7 levels left

rFire   . . .        b - +3 lajatang
rCold   . . .        (shield currently unavailable)
rNeg    . . .        (body armour unavailable)
rPois   .            (helmet restricted)
rElec   .            (no cloak)
rCorr   .            H - +0 pair of gloves
SInv    .            z - +0 pair of boots
Will    .....        (no amulet)
Stlth   ++           i - +5 ring of evasion
HPRegen 0.30/turn    q - +4 ring of slaying
MPRegen 0.11/turn

%: no passive effects
@: no status effects
A: breathe steam, AC +6, unfitting armour, cold-blooded, steam resistance
a: Breathe Steam


You were on level 6 of the Dungeon.
You visited 2 branches of the dungeon, and saw 7 of its levels.
You also visited: Ossuary.

You collected 367 gold pieces.

Inventory:

Hand Weapons
 a - a +0 shortbow
 b - a +3 lajatang (weapon)
 c - a +1 short sword of draining
 m - a +4 trident
 t - the +1 war axe of the End {freeze, rN+ Str+3 Dex+6}
   (You found it on level 3 of the Dungeon)

   Str+3:     It affects your strength (+3).
   Dex+6:     It affects your dexterity (+6).
   rN+:       It protects you from negative energy.
 w - a +0 shortbow
 C - a +0 short sword
Missiles
 x - 7 poisoned darts
 J - a throwing net (quivered)
Armour
 z - a +0 pair of boots (worn)
 H - a +0 pair of gloves (worn)
Jewellery
 i - a +5 ring of evasion (left hand)
 q - a +4 ring of slaying (right hand)
 r - a ring of ice
 A - an amulet of faith
 I - a ring of positive energy
 N - a ring of wizardry
 O - a ring of see invisible
Talismans
 d - a maw talisman
Wands
 F - a wand of mindburst (17)
Scrolls
 e - a scroll of butterflies
 f - 4 scrolls of teleportation
 g - 2 scrolls of vulnerability
 h - a scroll of poison {unknown}
 j - a scroll of fog {unknown}
 k - a scroll of noise
 o - a scroll of revelation
 p - 3 scrolls of amnesia {unknown}
 v - a scroll of enchant weapon {unknown}
 y - 11 scrolls of identify {unknown}
 B - a scroll of silence {unknown}
 D - a scroll of immolation {unknown}
 K - 3 scrolls of fear {unknown}
Potions
 l - 4 potions of invisibility {unknown}
 n - 2 potions of brilliance {unknown}
 s - 2 potions of cancellation {unknown}
 u - 2 potions of heal wounds {unknown}
 E - a potion of mutation {unknown}
 G - 2 potions of curing {unknown}
 L - a potion of attraction {unknown}
 M - a potion of haste {unknown}


   Skills:
 - Level 2.1 Fighting
 + Level 6.5 Staves
 + Level 9.5 Ranged Weapons
 - Level 1.7 Dodging
 - Level 0.8 Stealth


You had 7 spell levels left.
You didn't know any spells.
Your spell library contained the following spells:

 Spells                   Type           Power      Damage    Failure   Level
 Ensorcelled Hibernation  Hex/Ice        0%         N/A       52%         2
 Passwall                 Erth           0%         N/A       77%         3
 Swiftness                Air            0%         N/A       77%         3


Dungeon Overview and Level Annotations

Branches:
Dungeon (6/15) Zot: 26434  Temple (1/1) D:4 Zot: 5970 Ossuary (visited)

Altars:
Ashenzari
Cheibriados
Dithmenos
Fedhas
Makhleb
Nemelex Xobeh
Okawaru
Ru
Trog
Vehumet
Wu Jian
The Shining One

Annotations:
D:3 1 runed translucent door, Ricarthe's ghost, amateur GrMo
D:6 2 transporters


Innate Abilities, Weirdness & Mutations

You can breathe blasts of scalding, opaque steam.
Your pale cyan-grey scales are hard. (AC +6)
You cannot fit into any form of body armour.
You are cold-blooded and may be slowed by cold attacks.
You are immune to the effects of steam.


Message History

An orc comes into view. It is wielding a +0 whip.
Found a scroll labelled FAEDYN MOCKUI.
The orc shouts!
The orc throws a boomerang.
The boomerang barely misses you.
a - a +0 shortbow (weapon)
You shoot an arrow. The arrow hits the orc!
You kill the orc!
No target in view!
b - a +3 lajatang (weapon)
A bullfrog comes into view.
You miss the bullfrog. You tail-slap the bullfrog.
The bullfrog is lightly wounded.
The bullfrog hits you but does no damage. x2
You slash the bullfrog! You tail-slap the bullfrog.
You kill the bullfrog!
You see here a bullfrog corpse.
y - 11 scrolls labelled FAEDYN MOCKUI (gained 1)
Things that are here:
a +0 whip; 3 boomerangs; a +0 leather armour
Things that are here:
a +0 whip; 3 boomerangs; a +0 leather armour You now have 367 gold pieces (gained 8).
The orc priest shouts!
You hear a shout!
The shadow imp shouts!
Found a morningstar.
Found a transporter.
The shadow imp sputters.
The orc priest shouts!
As you open the door, it creaks loudly!
Found a chain mail.
There is an open door here.
Found a stone staircase leading down.
You see here a +0 chain mail. 2 orcs come into view.
Found an ornate altar of the Wu Jian Council.
The orc shouts! x2; You hear a bark!
A scorpion comes into view.
An orc comes into view. It is wielding a +0 hand axe.
An orc warrior comes into view. It is wielding a +0 dire flail.
An orc priest comes into view. It is wielding a +0 dagger.
Found a rapier.
Found 14 gold pieces.
The orc shouts!
The orc priest shouts!
You see here 5 poisoned darts.
x - 7 poisoned darts (gained 5)
The orc attacks as it pursues you! The orc hits you but does no damage.
The orc priest looks encouraged for a moment.
The orc closely misses you. The scorpion attacks as it pursues you!
The scorpion stings you.
You are poisoned.
The scorpion poisons you!
You feel very sick.
You feel sick.
The scorpion stings you but does no damage.
The orc priest invokes the aid of Beogh against you.
Beogh smites you! The orc hits you but does no damage.
You feel sick.
The scorpion stings you but does no damage.
There is a stone staircase leading down here.
You feel sick.
You feel sick. The scorpion attacks as it pursues you!
The scorpion barely misses you.
You slash the scorpion!
The scorpion is heavily wounded.
You feel sick. The scorpion closely misses you.
The orc priest mumbles some strange prayers to Beogh against you.
Beogh smites you!
* * * LOW HITPOINT WARNING * * *
You slash the scorpion!
You kill the scorpion!
You feel sick.
You hit the orc warrior but do no damage.
Your tail-slap misses the orc warrior.
You feel sick.
You are no longer poisoned.
A hound comes into view.
The orc warrior hits you with a +0 dire flail!
* * * LOW HITPOINT WARNING * * *
You closely miss the orc warrior.
The hound barks!
Your tail-slap misses the orc warrior.
The orc warrior hits you with a +0 dire flail.
* * * LOW HITPOINT WARNING * * *
You closely miss the orc warrior. You tail-slap the orc warrior.
The orc warrior is moderately wounded.
The orc warrior closely misses you.
You hit the orc warrior.
The orc warrior is moderately wounded.
The orc warrior closely misses you.
You barely miss the orc warrior.
The orc warrior is moderately wounded.
The orc warrior closely misses you.
You closely miss the orc warrior.
The orc warrior is moderately wounded.
The orc warrior hits you with a +0 dire flail.
* * * LOW HITPOINT WARNING * * *
The orc warrior hits you with a +0 dire flail!
* * * LOW HITPOINT WARNING * * *
You hit the orc warrior but do no damage.
The orc warrior is moderately wounded.
The orc warrior hits you with a +0 dire flail!
You die...

### #.### * #.... *** #.### ,,*
#.### *,* ######### #.... *,*
####.......####### *,*
#@##........#
*,***#**########o##........#
,,,,,$.##.....##o###'#####.#
*,,,,.#........ho#.....# #.#
*****#....≈≈...oo#.#.#.###.######
,,,,,#....≈≈.....#.#.#.##........
*****.........##.[##..,##.#######
,,,,*..♣♣.....##..#..###...######
,,,,,,,*♣.._.............©.....##


You could see an orc warrior, a hound, an orc priest and 3 orcs.

Vanquished Creatures
  A troll (D:6)
  A water moccasin (D:6)
  An ice beast (D:6)
  A black bear (D:6)
  A sky beast (D:4)
  2 phantoms
  A weeping skull (Ossuary)
  2 elf zombies (Ossuary)
  A bullfrog (D:6)
  A scorpion (D:6)
  2 burial acolytes (Ossuary)
  A howler monkey (D:4)
  2 centaur zombies (Ossuary)
  A human zombie (Ossuary)
  A jelly (D:4)
  A hound (D:4)
  An orc priest (D:3)
  2 sleepcaps (D:5)
  An iguana (D:6)
  2 orc wizards
  Natasha (twice) (D:2)
  A hound zombie (Ossuary)
  2 mummies (Ossuary)
  5 adders
  9 gnolls
  A white imp (D:4)
  2 ufetubi (D:5)
  A dart slug (D:3)
  6 ribbon worms
  15 orcs
  4 endoplasms
  6 giant cockroaches
  A goblin (D:4)
  A hobgoblin (D:3)
  7 jackals
  6 quokkas
  6 ball pythons
  4 bats (D:1)
  3 frilled lizards
  4 gnoll zombies (Ossuary)
  7 kobolds
  4 orc zombies (Ossuary)
  3 rats
126 creatures vanquished.

Vanquished Creatures (others)
  A gnoll (D:4)
1 creature vanquished.

Grand Total: 127 creatures vanquished

Notes
Turn   | Place    | Note
-------+----------+-------------------------------------------
     0 | D:1      | jimonade the Draconian Hunter began the quest for the Orb.
     0 | D:1      | Reached XP level 1. HP: 17/17 MP: 1/1
   409 | D:1      | Reached skill level 4 in Ranged Weapons
   513 | D:1      | Reached XP level 2. HP: 24/24 MP: 2/2
   925 | D:2      | Reached XP level 3. HP: 17/29 MP: 3/3
   993 | D:2      | Found a blossoming altar of Fedhas.
  1120 | D:2      | Noticed Natasha
  1127 | D:2      | Killed Natasha
  1128 | D:2      | Reached skill level 5 in Ranged Weapons
  1379 | D:2      | Noticed Natasha
  1390 | D:2      | Killed Natasha
  1391 | D:2      | Reached XP level 4. HP: 11/36 MP: 4/4
  1673 | D:3      | Found a runed translucent door.
  1673 | D:3      | Noticed Ricarthe's ghost (amateur GrMo)
  1719 | D:3      | Identified the +1 war axe of the End {freeze, rN+ Str+3
                  | Dex+6}
  1790 | D:3      | Found a glowing golden altar of the Shining One.
  1928 | D:3      | Found a bloodstained altar of Trog.
  2472 | D:3      | Reached XP level 5. HP: 36/41 MP: 5/5
  2497 | D:3      | Reached skill level 6 in Ranged Weapons
  2584 | D:4      | Found a staircase to the Ecumenical Temple.
  2591 | Temple   | Entered the Ecumenical Temple
  2863 | D:4      | Noticed a phantom
  2884 | D:4      | Killed a phantom
  2885 | D:4      | Reached XP level 6. HP: 23/48 MP: 6/6
  3076 | D:4      | Reached skill level 7 in Ranged Weapons
  3592 | D:4      | Noticed a sky beast
  3600 | D:4      | Killed a sky beast
  3601 | D:4      | Reached skill level 1 in Staves
  3601 | D:4      | Your scales start taking on a pale cyan-grey colour.
  3601 | D:4      | Reached XP level 7. HP: 29/55 MP: 7/7
  3601 | D:4      | Gained mutation: You are immune to the effects of steam.
                  | [Pale Draconian growth]
  3819 | D:5      | Entered Level 5 of the Dungeon
  3961 | D:5      | Found a burning altar of Makhleb.
  4535 | D:6      | Reached skill level 8 in Ranged Weapons
  4570 | D:6      | Found a sand-covered staircase.
  4579 | Ossuary  | Entered an ossuary
  4799 | Ossuary  | Reached XP level 8. HP: 61/61 MP: 8/8
  5021 | Ossuary  | Reached skill level 5 in Staves
  5194 | D:6      | Reached skill level 9 in Ranged Weapons
  5233 | D:6      | Noticed a troll
  5242 | D:6      | Killed a troll
  5490 | D:6      | Found a transporter.
  5493 | D:6      | Noticed a kobold demonologist
  5588 | D:6      | Found a transporter.
  5596 | D:6      | Noticed a kobold demonologist
  5619 | D:6      | Found an ornate altar of the Wu Jian Council.
  5640 | D:6      | Mangled by an orc warrior

Illustrated notes

Levels and vault maps discovered:
D:1:      nicolae_arrival_somewhat_less_tricky_arrival, layout_loops_cross,
          minmay_misc_feat_room, nrook_loot_triangle
D:2:      layout_loops_ring, basic_altar, minmay_misc_feat_diagonals,
          uniq_natasha
D:3:      layout_loops_ring, mainiacjoe_overflow_six_doors_small,
          tso_oasis_becter, hellmonk_ghost_happy_afterlife
D:4:      layout_loops_ring, minmay_temple_entry_proselytizer,
          grunt_ministairs_4, minmay_box_of_dots
D:5:      layout_loops_cross, mainiacjoe_overflow_brackets
D:6:      gammafunk_wand_slinger, layout_basic, gammafunk_temple_overflow_wave,
          nicolae_wu_jian_wuxing_cycle, nicolae_ossuary_entry_monument
Temple:   hellmonk_temple_rainy

Skill      XL: |  1  2  3  4  5  6  7  8 |
---------------+-------------------------+-----
Ranged Weapons | 4 5 6 7 8 9 |  9.5
Staves         | 1 4 6 |  6.5
Fighting       | |  2.1
Dodging        | |  1.7
Stealth        | |  0.8

Action                     |  1- 3 |  4- 6 |  7- 9 || total
---------------------------+-------+-------+-------++-------
  Melee: Lajatang          |       |    49 |    91 ||   140
         Tailslap          |       |     6 |    12 ||    18
   Fire: Shortbow          |    82 |   144 |    55 ||   281
Ability: Breathe Steam     |       |       |     4 ||     4
    Use: Scroll            |       |       |     4 ||     4
   Stab: Sleeping          |       |       |     2 ||     2
 Armour: Skin              |    17 |    67 |    69 ||   153
  Dodge: Dodged            |    22 |    97 |    79 ||   198
